 Dungeon Crawl Stone Soup version 0.31.0-12-g77e489cdc1 (webtiles) character file.

Game seed: 16212680757202938272

12 Gadfly the Trooper (level 2, 24/24 HPs)
             Began as a Demonspawn Monk on Feb 11, 2024.
             Quit the game on level 1 of the Dungeon.
             The game lasted 00:00:20 (402 turns).

Gadfly the Trooper (Demonspawn Monk)                 Turns: 402, Time: 00:00:20

Health: 24/24      AC:  2    Str: 11    XL:     2   Next: 20%
Magic:  2/2        EV: 13    Int: 10    God:
Gold:   33         SH:  0    Dex: 15    Spells: 1/1 levels left

rFire   . .          .
                       - Unarmed
rCold   . . .        c - orb {light}
rNeg    . . .        a - +0 robe
rPois   .            (no helmet)
rElec   .            (no cloak)
rCorr   .            (no gloves)
SInv    .            (no boots)
Will    .....        (no amulet)
Stlth   +            (no ring)
HPRegen 0.24/turn    (no ring)
MPRegen 0.08/turn

%: no passive effects
@: glowing
A: sturdy frame 1
a: no special abilities


You were on level 1 of the Dungeon.
You visited 1 branch of the dungeon, and saw 1 of its levels.

You collected 33 gold pieces.

Inventory:

Armour
 a - a +0 robe (worn)
 c - an orb of light (worn)
Scrolls
 d - a scroll of enchant weapon {unknown}
 e - a scroll of poison {unknown}
 g - a scroll of teleportation {unknown}
Potions
 b - a potion of ambrosia
 f - a potion of heal wounds {unknown}


   Skills:
 - Level 3.0 Fighting
 + Level 2.8 Dodging
 * Level 2.8 Unarmed Combat
 * Level 0.8 Evocations
 * Level 0.6 Shapeshifting


You had one spell level left.
You didn't know any spells.
Your spell library was empty.

Dungeon Overview and Level Annotations

Branches:
Dungeon (1/15)

Altars:


Innate Abilities, Weirdness & Mutations

Your movements are slightly less encumbered by armour. (ER -2)


Message History

No target in view!
You see here a jackal corpse.
You open the door.
There is an open door here.
You now have 33 gold pieces (gained 12).
You open the door.
Found 7 stones.
There is an open door here.
A ball python comes into view.
The ball python hisses angrily.
A ball python is nearby!
A ball python is nearby!
You hit the ball python.
The ball python is severely wounded.
The ball python bites you but does no damage.
The ball python closely misses you.
You barely miss the ball python.
The ball python is severely wounded.
The ball python closely misses you. The ball python grabs you.
The ball python constricts you.
You barely miss the ball python.
The ball python is severely wounded.
The ball python closely misses you. The ball python constricts you.
You completely miss the ball python.
The ball python is severely wounded.
The ball python bites you. The ball python constricts you.
You barely miss the ball python.
The ball python is severely wounded.
The ball python bites you. The ball python constricts you.
You hit the ball python but do no damage.
The ball python is moderately wounded.
The ball python bites you. The ball python constricts you.
You hit the ball python but do no damage.
The ball python is moderately wounded.
The ball python misses you. The ball python constricts you.
You hit the ball python.
You kill the ball python!
No target in view!
Found 4 boomerangs.
Are you sure you want to abandon this character and quit the game? (Confirm with "yes".)

.# #.......#....'.....#
.# #.......######.....#
.# #.......#..###.....#
.# #..†##..#..........#
.#####...##..#.###.....(#
.............#.# #......#
.............#.###.#....#
.............#...#.#.####
################@#.#.#
#(..#.#.# #.###.#.# #.
#...# # #####


There were no monsters in sight!

Vanquished Creatures
  A dart slug (D:1)
  An endoplasm (D:1)
  A hobgoblin (D:1)
  3 jackals (D:1)
  2 ball pythons (D:1)
  A kobold (D:1)
  A rat (D:1)
10 creatures vanquished.

Notes
Turn   | Place    | Note
-------+----------+-------------------------------------------
     0 | D:1      | Gadfly the Demonspawn Monk began the quest for the Orb.
     0 | D:1      | Reached XP level 1. HP: 18/18 MP: 1/1
   276 | D:1      | Gained mutation: Your movements are slightly less
                  | encumbered by armour. (ER -2) [demonic ancestry]
   276 | D:1      | Reached XP level 2. HP: 20/24 MP: 2/2
   402 | D:1      | Quit the game

Illustrated notes

Levels and vault maps discovered:
D:1:      dpeg_arrival_boxorama, layout_basic, roderic_lattice_a,
          chequers_serial_rivers_micro_d

Action                     || total
---------------------------++-------
  Melee: Unarmed           ||    34
 Armour: Robe              ||    15
  Dodge: Dodged            ||    25
